 40125 Aisha the Carver (level 13, -6/106 HPs)
             Began as a Mummy Fighter on Oct 8, 2019.
             Was an Initiate of Gozag.
             Mangled by Rupert
             ... wielding a +2 battleaxe of electrocution
              (24 damage)
             ... on level 3 of the Lair of Beasts.
             The game lasted 01:34:02 (30108 turns).

Aisha the Carver (Mummy Fighter)                   Turns: 30108, Time: 01:34:02

Health: -6/106     AC: 27    Str: 24    XL:     13   Next: 72%
Magic:  0/13       EV:  7    Int:  8    God:    Gozag
Gold:   2309       SH: 11    Dex: 11    Spells: 12/12 levels left

rFire    . . .     SeeInvis .   a - +2 long sword (protect)
rCold    + + +     Gourm    .   c - +0 shield
rNeg     + + +     Faith    .   v - +0 plate armour
rPois    ∞         Spirit   +   F - +0 helmet
rElec    +         Reflect  .   g - +2 cloak {rPois}
rCorr    +         Harm     .   x - +0 pair of gloves
MR       ++...                  R - +0 pair of boots
Stlth    ..........             G - amulet of guardian spirit
HPRegen  0.27/turn              M - ring of protection from magic
MPRegen  0.13/turn              C - ring of protection from cold

@: resistant, frozen, gold aura, protection aura, flying, hasted, quick
A: no food or potions, fire vulnerability, cold resistance 1, negative energy
resistance 3, torment resistance, unbreathing, in touch with death 1
a: Potion Petition, Call Merchant, Bribe Branch, Renounce Religion


Innate Abilities, Weirdness & Mutations

You do not eat or drink.
Your flesh is vulnerable to fire.
You are immune to poison.
Your flesh is cold resistant. (rC+)
You are immune to negative energy. (rN+++)
You are immune to unholy pain and torment.
You can survive without breathing.
You are in touch with the powers of death.


   Skills:
 + Level 11.4 Fighting
 - Level 14.0 Long Blades
 + Level 7.1 Armour
 - Level 4.0 Dodging
 + Level 8.2 Shields


You had 12 spell levels left.
You didn't know any spells.
Your spell library contained the following spells:

 Spells                   Type           Power        Failure   Level  Hunger
 Animate Skeleton         Necr           N/A          100%        1    N/A
 Apportation              Tloc           #.....       100%        1    N/A
 Confusing Touch          Hex            #.....       100%        1    N/A
 Shock                    Conj/Air       #...         100%        1    N/A
 Summon Small Mammal      Summ           #...         100%        1    N/A
 Poisonous Vapours        Pois/Air       #.....       100%        2    N/A
 Swiftness                Chrm/Air       #.......     100%        2    N/A
 Conjure Flame            Conj/Fire      #.......     100%        3    N/A
 Mephitic Cloud           Conj/Pois/Air  #.......     100%        3    N/A
 Static Discharge         Conj/Air       #.......     100%        3    N/A
 Airstrike                Air            #.........   100%        4    N/A
 Bolt of Magma            Conj/Fire/Erth #.........   100%        5    N/A
 Iskenderun's Battlesphe  Conj/Chrm      #.......     100%        5    N/A
 Lightning Bolt           Conj/Air       #.........   100%        5    N/A
 Metabolic Englaciation   Hex/Ice        #.........   100%        5    N/A
 Venom Bolt               Conj/Pois      #.........   100%        5    N/A
 Bolt of Cold             Conj/Ice       #.........   100%        6    N/A
 Freezing Cloud           Conj/Ice/Air   #.........   100%        6    N/A
 Iron Shot                Conj/Erth      #.........   100%        6    N/A
 Ozocubu's Refrigeration  Ice            #.........   100%        6    N/A
 Simulacrum               Ice/Necr       #.........   100%        6    N/A
 Orb of Destruction       Conj           #.........   100%        7    N/A
 Ring of Flames           Chrm/Fire      #.........   100%        7    N/A
 Spellforged Servitor     Conj/Summ      #.........   100%        7    N/A
 Ice Form                 Ice/Tmut       Unusable     N/A         4    N/A

Inventory:

Hand Weapons
 a - a +2 long sword of protection (weapon)
 b - a +1 whip of venom
 w - a +0 short sword of distortion
 y - the +9 trident of the Extremely Mad {drain, Int+3}
   (You found it on level 7 of the Dungeon)

   A truly terrible weapon, it drains the life of those it strikes.
   It affects your intelligence (+3).
 H - the +0 scimitar of Indomitability {flame, +Blink rF- Int+5}
   (You bought it in a shop on level 9 of the Dungeon)

   It has been specially enchanted to burn those struck by it, causing extra
   injury to most foes and up to half again as much damage against particularly
   susceptible opponents.
   Big, fiery blades are also staple armaments of hydra-hunters.
   It affects your intelligence (+5).
   It makes you vulnerable to fire.
   It lets you blink.
 P - a +3 falchion
Missiles
 i - 21 tomahawks of returning
 j - 480 stones
 B - 2 throwing nets (quivered) {=f}
 K - 7 javelins
Armour
 c - a +0 shield (worn)
 g - a +2 cloak of poison resistance (worn)
 v - a +0 plate armour (worn)
 x - a +0 pair of gloves (worn)
 F - a +0 helmet (worn)
 R - a +0 pair of boots (worn)
Jewellery
 C - a ring of protection from cold (right hand)
 G - an amulet of guardian spirit (around neck)
 I - a cursed ring of teleportation {unknown}
 M - a ring of protection from magic (left hand)
Wands
 d - a wand of clouds (1)
 f - a wand of paralysis (2)
 q - a wand of digging (6)
 r - a wand of iceblast (24)
 u - a wand of flame (18)
 D - a wand of polymorph (14)
 J - a wand of enslavement (2)
 L - a wand of random effects (11)
 S - a wand of scattershot (4)
Scrolls
 e - 4 scrolls of amnesia
 h - 4 scrolls of enchant weapon
 k - 10 scrolls of remove curse {@r2}
 l - 3 scrolls of fog {unknown}
 m - a scroll of vulnerability {unknown}
 n - 7 scrolls of teleportation {@r4}
 o - 4 scrolls of immolation {!r}
 p - a scroll of fear
 s - 2 scrolls of blinking {unknown}
 t - 4 scrolls of magic mapping
 z - a scroll of brand weapon {unknown}
 A - 4 scrolls of enchant armour
Miscellaneous
 E - a lamp of fire
 N - a phial of floods


Message History

Rupert is severely wounded.
Unknown command.
You hit Rupert but do no damage.
Rupert is severely wounded.
Rupert is engulfed in blazing flames.
Rupert hits you with a +2 battleaxe of electrocution!
* * * LOW HITPOINT WARNING * * *
Unknown command.
You hit Rupert.
Rupert is severely wounded.
Unknown command.
You slash Rupert!
Rupert is almost dead.
Rupert is engulfed in blazing flames.
Rupert hits you but does no damage.
Unknown command.
You hit Rupert.
Rupert is almost dead.
Unknown command.
You hit Rupert but do no damage.
Rupert is almost dead.
Rupert is engulfed in blazing flames.
Rupert hits you with a +2 battleaxe of electrocution!
* * * LOW HITPOINT WARNING * * *
Unknown command.
As you read the scroll of fear, it crumbles to dust.
You assume a fearsome visage.
Rupert resists with almost no effort.
The rime drake looks frightened!
Rupert is engulfed in blazing flames.
Rupert hits you with a +2 battleaxe of electrocution!!
You die...
Your body crumbles into a pile of gold.

Skill      XL: |  1  2  3  4  5  6  7  8  9 10 11 12 13 |
---------------+----------------------------------------+-----
Long Blades    | 2 3 4 5 6 8 10 12 13 14 | 14.0
Shields        | 4 6 8 |  8.2
Fighting       | 5 7 9 11 | 11.4
Dodging        | 3 4 |  4.0
Armour         | 4 7 |  7.1

Action                   |  1- 3 |  4- 6 |  7- 9 | 10-12 | 13-15 || total
-------------------------+-------+-------+-------+-------+-------++-------
Melee: Long sword        |    95 |     4 |   205 |  1306 |   708 ||  2318
       Whip              |    20 |   167 |   155 |   261 |       ||   603
       Trident           |       |       |     5 |     8 |       ||    13
       Great sword       |       |       |       |    47 |       ||    47
       Scimitar          |       |       |       |    59 |    45 ||   104
       Falchion          |       |       |       |       |    90 ||    90
Throw: Throwing net      |       |       |       |     1 |     3 ||     4
Invok: Potion Petition   |       |       |     1 |     3 |     2 ||     6
Evoke: Wand              |       |     3 |     1 |    41 |    12 ||    57
  Use: Scroll            |       |     4 |     2 |     6 |     4 ||    16
 Stab: Paralysed         |       |     7 |     2 |    12 |       ||    21
       Distracted        |       |       |     1 |     2 |     3 ||     6
       Held in net/web   |       |       |       |     1 |     2 ||     3
       Confused          |       |       |       |       |    12 ||    12
Armor: Scale mail        |    66 |    84 |    78 |       |       ||   228
       Plate armour      |       |       |   156 |  1031 |   328 ||  1515
Dodge: Dodged            |    65 |    87 |   130 |   371 |   148 ||   801
Block: Shield            |       |       |       |   469 |   352 ||   821
       Rpst.: Long sword |    19 |       |    15 |    58 |    31 ||   123
       Scimitar          |       |       |       |     3 |     1 ||     4
       Falchion          |       |       |       |       |     5 ||     5

Notes
Turn   | Place    | Note
-------+----------+-------------------------------------------
     0 | D:1      | Aisha the Mummy Fighter began the quest for the Orb.
     0 | D:1      | Reached XP level 1. HP: 18/18 MP: 1/1
   195 | D:1      | Reached skill level 2 in Long Blades
   405 | D:1      | Reached XP level 2. HP: 24/24 MP: 2/2
   737 | D:2      | Reached XP level 3. HP: 29/29 MP: 3/3
   745 | D:2      | Reached skill level 3 in Long Blades
   969 | D:2      | Found a shimmering altar of Xom.
  1121 | D:2      | Noticed Natasha
  1130 | D:2      | Killed Natasha
  1130 | D:2      | Reached XP level 4. HP: 27/35 MP: 4/4
  1350 | D:3      | Found a radiant altar of Vehumet.
  1352 | D:3      | Found a bloodstained altar of Trog.
  1353 | D:3      | Found a hide-covered altar of Uskayaw.
  1613 | D:3      | Reached skill level 4 in Long Blades
  2305 | D:4      | Noticed an ogre
  2317 | D:4      | Killed an ogre
  2317 | D:4      | Reached XP level 5. HP: 41/41 MP: 5/5
  2341 | D:4      | Reached skill level 5 in Long Blades
  2350 | D:4      | Noticed Menkaure
  2364 | D:4      | Killed Menkaure
  2364 | D:4      | Reached XP level 6. HP: 39/47 MP: 6/6
  2393 | D:4      | Found a staircase to the Ecumenical Temple.
  2407 | Temple   | Entered the Ecumenical Temple
  2450 | Temple   | Became a worshipper of Gozag Ym Sagoz the Greedy
  2957 | D:4      | Reached skill level 6 in Long Blades
  3199 | D:5      | Entered Level 5 of the Dungeon
  3260 | D:5      | Reached XP level 7. HP: 47/52 MP: 7/7
  3800 | D:5      | Found Moubb's Antique Weapon Boutique.
  3821 | D:5      | Bought a glowing long sword for 208 gold pieces
  4081 | D:5      | Reached skill level 7 in Long Blades
  4741 | D:6      | Noticed Grinder
  4775 | D:6      | Killed Grinder
  4775 | D:6      | Reached skill level 8 in Long Blades
  4775 | D:6      | Reached XP level 8. HP: 58/58 MP: 8/8
  5153 | D:2      | Noticed Natasha
  5159 | D:2      | Killed Natasha
  5675 | D:6      | Found Keshek's Weapon Boutique.
  5804 | D:6      | Reached skill level 9 in Long Blades
  6032 | D:6      | Found a runed translucent gate.
  6033 | D:6      | Found a runed translucent gate.
  6033 | D:6      | Found a runed translucent gate.
  6033 | D:6      | Noticed a kobold demonologist
  6036 | D:6      | Noticed SplatTastic's ghost (novice TeGl)
  6257 | D:6      | Reached skill level 10 in Long Blades
  6257 | D:6      | Reached XP level 9. HP: 62/63 MP: 9/9
  6440 | D:6      | Found a white marble altar of Elyvilon.
  6615 | D:5      | Killed SplatTastic's ghost
  7038 | D:6      | Noticed an orange demon
  7039 | D:6      | Killed a kobold demonologist
  7039 | D:6      | Reached skill level 11 in Long Blades
  7217 | D:6      | Found a white marble altar of Elyvilon.
  7319 | D:6      | Found Keshek's Weapon Boutique.
  7591 | D:7      | Noticed Pikel
  7620 | D:7      | Killed Pikel
  7686 | D:7      | Got a jewelled trident
  7687 | D:7      | Identified the +9 trident of the Extremely Mad {drain,
                  | Int+3} (You found it on level 7 of the Dungeon)
  8011 | D:7      | Found an ornate altar of the Wu Jian Council.
  8011 | D:7      | Found an ancient bone altar of Kikubaaqudgha.
  8018 | D:7      | Reached skill level 12 in Long Blades
  8018 | D:7      | Reached XP level 10. HP: 57/70 MP: 6/10
  8178 | D:7      | HP: 7/70 [killer bee (2)]
  9634 | D:8      | Reached skill level 3 in Shields
 10509 | D:8      | Reached skill level 4 in Fighting
 10898 | D:8      | Noticed Harold
 10923 | D:8      | Killed Harold
 11470 | D:8      | Reached skill level 4 in Shields
 11604 | D:9      | Reached skill level 5 in Fighting
 11625 | D:9      | Reached skill level 13 in Long Blades
 11724 | D:9      | Found a glowing golden altar of the Shining One.
 11724 | D:9      | Noticed an oklob plant
 11952 | D:9      | Noticed a two-headed ogre
 11957 | D:9      | Killed a two-headed ogre
 11957 | D:9      | Reached XP level 11. HP: 80/80 MP: 11/11
 11999 | D:9      | Found Ejarug's Antique Weapon Shoppe.
 12010 | D:9      | Bought a crystal scimitar for 333 gold pieces
 12010 | D:9      | Identified the +0 scimitar of Indomitability {flame, +Blink
                  | rF- Int+5} (You bought it in a shop on level 9 of the
                  | Dungeon)
 12071 | D:9      | Found a staircase to the Orcish Mines.
 12162 | D:9      | Noticed a two-headed ogre
 13044 | D:10     | Entered Level 10 of the Dungeon
 13294 | Orc:1    | Entered Level 1 of the Orcish Mines
 14332 | D:8      | Reached skill level 6 in Fighting
 14519 | D:9      | Reached skill level 5 in Shields
 15173 | Orc:1    | Noticed an orc sorcerer
 15349 | D:9      | Killed an orc sorcerer
 15773 | Orc:2    | Entered Level 2 of the Orcish Mines
 15785 | Orc:2    | Found Isyelosmim's Antique Armour Shoppe.
 15785 | Orc:2    | Noticed an orc knight
 15857 | D:9      | Killed a two-headed ogre
 16137 | D:10     | Noticed a two-headed ogre
 16150 | D:10     | Killed a two-headed ogre
 16190 | D:10     | Noticed Urug
 16199 | D:10     | Killed Urug
 16437 | D:10     | Found a staircase to the Lair.
 16705 | D:10     | Reached skill level 7 in Fighting
 16725 | D:10     | Reached skill level 14 in Long Blades
 17183 | Lair:1   | Entered Level 1 of the Lair of Beasts
 17222 | Lair:1   | Reached skill level 6 in Shields
 17564 | Lair:1   | Found a frozen archway.
 17573 | IceCv    | Entered an ice cave
 17710 | IceCv    | Noticed a white ugly thing
 17729 | IceCv    | Killed a white ugly thing
 17729 | IceCv    | Reached XP level 12. HP: 51/91 MP: 8/12
 18807 | IceCv    | HP: 4/91 [ice statue/bolt of cold (9)]
 19724 | IceCv    | Reached skill level 8 in Fighting
 20272 | Lair:1   | Reached skill level 7 in Shields
 21214 | Lair:2   | Reached skill level 1 in Dodging
 21226 | Lair:2   | Got a heavily runed ring mail
 21237 | Lair:2   | Identified the +0 ring mail of Temperance {Int-3 Dex-2 SInv
                  | Stlth+} (You found it on level 2 of the Lair of Beasts)
 21376 | Lair:2   | Reached skill level 3 in Armour
 22000 | Orc:2    | Found Ibrip's Weapon Boutique.
 22015 | Orc:1    | Reached skill level 2 in Dodging
 22298 | Orc:2    | Found a staircase to the Elven Halls.
 22326 | Orc:2    | Reached skill level 9 in Fighting
 22352 | Orc:2    | HP: 3/95 [orc warrior/+0 halberd (10)]
 23098 | Orc:2    | Noticed an orc warlord
 23487 | D:11     | Reached skill level 4 in Armour
 23490 | D:11     | Reached skill level 3 in Dodging
 24086 | D:12     | Noticed Maurice
 24097 | D:12     | Reached skill level 8 in Shields
 24517 | D:11     | Noticed a two-headed ogre
 24529 | D:11     | Killed a two-headed ogre
 24529 | D:11     | Gained mutation: You are in touch with the powers of death.
                  | [Mummy growth]
 24529 | D:11     | Reached XP level 13. HP: 101/101 MP: 13/13
 24632 | D:11     | Found a stormy altar of Qazlal.
 24810 | D:11     | Found a basalt altar of Yredelemnul.
 24827 | D:11     | Reached skill level 4 in Dodging
 25069 | D:12     | Noticed a fire dragon
 25325 | D:12     | Reached skill level 5 in Armour
 25399 | D:12     | Reached skill level 10 in Fighting
 25515 | D:12     | Got a spiked leather armour
 25614 | D:13     | Found a flagged portal.
 25629 | Bailey   | Entered a bailey
 25798 | Bailey   | Found the +3 hat of Pondering {ponderous, MR+ MP+10 Int+5}
 25840 | Bailey   | Found an iron altar of Okawaru.
 26759 | D:11     | Identified the +1 leather armour "Wiexo" {Regen+} (You
                  | found it on level 12 of the Dungeon)
 26886 | Orc:2    | Bought an embroidered cloak for 217 gold pieces
 26886 | Orc:2    | Bought a helmet for 130 gold pieces
 27054 | Orc:1    | Reached skill level 6 in Armour
 27261 | Orc:2    | Killed an orc warlord
 27969 | Orc:2    | Reached skill level 11 in Fighting
 28090 | Orc:2    | Found Imoerip's Antique Weapon Emporium.
 28098 | Orc:2    | Bought a runed long sword for 234 gold pieces
 28173 | Orc:2    | Found Kaifunen's Book Emporium.
 28761 | Orc:2    | Paralysed by an orc sorcerer for 5 turns
 29073 | Orc:2    | Found Feulifi's General Store.
 29214 | Orc:2    | Reached skill level 7 in Armour
 29306 | Orc:2    | Bought a scroll of identify for 24 gold pieces
 30082 | Lair:3   | Noticed Rupert
 30108 | Lair:3   | Mangled by Rupert

Vanquished Creatures
  An orc warlord (Orc:2)
  Harold (D:8)
  5 two-headed ogres
  Urug (D:10)
  An orc high priest (Orc:2)
  Pikel (D:7)
  The ghost of SplatTastic the Cruncher, a novice TeGl of Okawaru (D:5)
  5 ugly things
  6 orc knights
  5 orc sorcerers
  A centaur zombie (D:9)
  4 elephants (Lair:2)
  3 ice statues (IceCv)
  4 komodo dragons
  A spiny frog (Lair:1)
  A kobold demonologist (D:6)
  A rime drake (Lair:2)
  A tengu conjurer (D:11)
  A hornet (D:8)
  3 trolls
  A queen bee (D:8)
  Grinder (D:6)
  5 blink frogs (Lair:1)
  4 hippogriffs
  26 yaks
  2 wyverns
  12 humans
  A basilisk (Lair:2)
  2 hungry ghosts
  Menkaure (D:4)
  3 wargs
  2 soldier ants (D:12)
  4 water moccasins
  2 porcupines
  2 black bears
  29 orc warriors
  9 ice beasts
  6 sky beasts
  6 centaurs
  2 necrophages (D:11)
  10 ogres
  2 phantoms
  4 boggarts
  6 wolves
  2 crocodiles
  6 big kobolds (D:6)
  16 bullfrogs
  A wyvern zombie (D:12)
  A water moccasin skeleton (D:8)
  A wyvern skeleton (D:10)
  24 killer bees
  2 howler monkeys
  4 bullfrog zombies
  10 crimson imps
  A quasit (D:10)
  12 orc priests
  A centaur skeleton (D:10)
  4 jellies
  14 orc wizards
  9 hounds
  An iguana (D:10)
  3 bullfrog skeletons
  6 worker ants
  Natasha (twice) (D:2)
  A hound skeleton (D:9)
  2 hound zombies
  6 gnolls
  7 adders
  A shadow imp (D:11)
  An adder zombie (D:8)
  An adder skeleton (D:5)
  4 worms
  2 dart slugs (D:1)
  5 leopard geckos
  58 orcs
  6 bats
  4 giant cockroaches
  6 hobgoblins
  12 jackals
  5 quokkas
  5 frilled lizards
  8 goblins
  4 kobolds
  A leopard gecko skeleton (D:6)
  2 quokka skeletons
  A quokka zombie (D:5)
  9 rats
460 creatures vanquished.

Vanquished Creatures (others)
  A killer bee (D:12)
  A quokka (D:6)
  23 fungi
25 creatures vanquished.

Grand Total: 485 creatures vanquished
